[Event "Titled Tuesday Blitz October 25 Early 2022"]
[White "Gharibyan, Mamikon"]
[Black "Matlakov, Maxim"]
[WhiteFideId "13308300"]
[BlackFideId "4168003"]
[WhiteElo "2378"]
[BlackElo "2669"]
[Result "1-0"]
[Round "08"]
[TimeControl "180+1"]
[Date "2022.10.25"]
[WhiteClock "0:00:05"]
[BlackClock "0:00:02"]

1. d4 d5 2. c4 c6 3. Nf3 Nf6 4. Qc2 g6 5. e3 Bg7 6. Nc3 O-O 7. h3 c5 8. dxc5 Na6 9. Be2 Nxc5 10. O-O Bf5 11. Qd1 dxc4 12. Bxc4 Rc8 13. Nd4 Bd7 14. Qe2 a6 15. a4 Nfe4 16. Nxe4 Nxe4 17. Rd1 Qc7 18. Bd5 Nc5 19. a5 e6 20. Bc4 e5 21. Nf3 Be6 22. Bd2 e4 23. Ne1 Bxb2 24. Rab1 Bg7 25. Bb4 Rfe8 26. Bxc5 Qxc5 27. Bxe6 Rxe6 28. Rxb7 Qxa5 29. h4 h5 30. g3 Rec6 31. Ng2 Rc1 32. Qf1 Rxd1 33. Qxd1 Qa3 34. Qd7 Rc1+ 35. Kh2 Qa2 36. Qe8+ Bf8 37. Rb8 Qa3 38. Nf4 Rc2 39. Kg2 Kg7 40. Qxe4 Rc7 41. Qe5+ Kh7 42. Qxc7 1-0


[Site "https://www.chess.com"]

[Event "Titled Tuesday Blitz October 25 Early 2022"]
[White "Indjic, Aleksandar"]
[Black "Andreikin, Dmitry"]
[WhiteFideId "911925"]
[BlackFideId "4158814"]
[WhiteElo "2592"]
[BlackElo "2736"]
[Result "0-1"]
[Round "08"]
[TimeControl "180+1"]
[Date "2022.10.25"]
[WhiteClock "0:00:03"]
[BlackClock "0:00:14"]

1. d4 Nf6 2. c4 e6 3. Nc3 Bb4 4. Qc2 O-O 5. Nf3 c5 6. dxc5 Na6 7. g3 Nxc5 8. Bg2 b6 9. O-O Bb7 10. Nb5 Be4 11. Qd1 Nb7 12. a3 Be7 13. Nc3 Bc6 14. Bf4 Rc8 15. Nb5 Bxb5 16. cxb5 Nd5 17. Bd2 Nc5 18. Nd4 Bf6 19. e3 Ne7 20. b4 Nd3 21. Qb3 Ne5 22. Rac1 d5 23. Rfd1 Qd7 24. Bf1 Rxc1 25. Rxc1 Rc8 26. Rc2 h5 27. h3 g6 28. f4 Nc4 29. Bxc4 dxc4 30. Rxc4 Bxd4 31. Rxd4 Qxb5 32. Qd3 Qa4 33. Rd8+ Kh7 34. Rxc8 Nxc8 35. Bc3 Ne7 36. Qd4 e5 37. Qxe5 Qd1+ 38. Kf2 Qc2+ 39. Kf3 Qd1+ 40. Kf2 Qc2+ 41. Ke1 Qc1+ 42. Ke2 Qc2+ 43. Bd2 Nf5 44. Qd5 Kg8 45. g4 Ng3+ 46. Kf3 h4 47. Qd8+ Kg7 48. Qd4+ Kh7 49. f5 g5 50. Qd5 Qd1+ 51. Kg2 Qh1+ 52. Kf2 Qf1# 0-1


[Site "https://www.chess.com"]

[Event "Titled Tuesday Blitz October 25 Early 2022"]
[White "Jobava, Baadur"]
[Black "Pultinevicius, Paulius"]
[WhiteFideId "13601520"]
[BlackFideId "12809390"]
[WhiteElo "2582"]
[BlackElo "2500"]
[Result "0-1"]
[Round "08"]
[TimeControl "180+1"]
[Date "2022.10.25"]
[WhiteClock "0:00:05"]
[BlackClock "0:00:04"]

1. b3 d5 2. Bb2 Bf5 3. d3 e6 4. Nd2 Nf6 5. g3 Be7 6. Bg2 O-O 7. e4 Bg6 8. Nh3 Bh5 9. f3 dxe4 10. dxe4 Bb4 11. a3 Ba5 12. b4 Bb6 13. Nf4 Bg6 14. Nc4 Nc6 15. Nxb6 axb6 16. Qxd8 Rfxd8 17. Rd1 Rxd1+ 18. Kxd1 e5 19. Nxg6 hxg6 20. Kc1 Ne8 21. Rd1 Nd6 22. Bf1 b5 23. Rd5 f6 24. Rc5 Kf7 25. Bxb5 Nxb5 26. Rxb5 b6 27. Rd5 Ke6 28. Rd2 g5 29. Kd1 Ne7 30. Ke1 b5 31. Kf2 Nc8 32. Rd8 Nb6 33. Rxa8 Nxa8 34. h4 gxh4 35. gxh4 g6 36. Ke2 Nb6 37. Kd3 c6 38. Bc1 Kd6 39. Kc3 Na4+ 40. Kb3 Nb6 41. Bh6 Ke6 42. Kc3 Na4+ 43. Kd2 Nb6 44. Kd3 Kd7 45. Be3 Nc4 46. Bc1 Nb6 47. f4 exf4 48. Bxf4 Nc4 49. Bc1 Ne5+ 50. Ke2 Ke6 51. Ke3 Kd7 52. Kf2 Ke6 53. Kg3 Nc4 54. Kf4 Ne5 55. Ke3 Kd7 56. Ke2 Ke6 57. Kf2 Nc4 58. Kf3 Ke5 59. Be3 Nxa3 60. c3 Nc4 61. Bd4+ Ke6 62. Kf4 Nd6 63. e5 fxe5+ 64. Bxe5 Nf5 65. Bd4 Nxh4 66. Ke4 Nf5 67. Bf2 g5 68. Be1 g4 69. Kf4 g3 70. Kf3 Kd5 71. Bd2 Kc4 72. Be1 Kd3 73. Kf4 g2 74. Bf2 Nd6 75. Kf3 Kxc3 76. Bc5 g1=Q 77. Bxg1 Kxb4 78. Ke3 Kc3 79. Bh2 Nc4+ 80. Ke4 b4 81. Bg3 b3 82. Bh4 b2 83. Bf6+ Kb3 84. Bxb2 Nxb2 85. Kd4 Na4 0-1


[Site "https://www.chess.com"]

[Event "Titled Tuesday Blitz October 25 Early 2022"]
[White "Jones, Gawain C B"]
[Black "Al Hosani, Omran"]
[WhiteFideId "409561"]
[BlackFideId "9308733"]
[WhiteElo "2657"]
[BlackElo "2167"]
[Result "1-0"]
[Round "08"]
[TimeControl "180+1"]
[Date "2022.10.25"]
[WhiteClock "0:00:07"]
[BlackClock "0:00:05"]

1. Nf3 d5 2. b3 Nc6 3. Bb2 Bg4 4. e3 e5 5. h3 Bxf3 6. Qxf3 Nf6 7. Bb5 Bd6 8. Nc3 e4 9. Qe2 O-O 10. Bxc6 bxc6 11. d3 Qe7 12. dxe4 Nxe4 13. Nxe4 Qxe4 14. Qg4 Qb4+ 15. Ke2 f6 16. Qxb4 Bxb4 17. Rhc1 Rfd8 18. c3 Ba5 19. b4 Bb6 20. c4 dxc4 21. Rxc4 a5 22. a3 axb4 23. axb4 Rxa1 24. Bxa1 Rd6 25. g4 Kf7 26. h4 Ke6 27. g5 fxg5 28. hxg5 Kf5 29. f4 Re6 30. Be5 Kg4 31. Rc3 h6 32. Rc1 Kg3 33. gxh6 gxh6 34. Rg1+ Kh2 35. Rg7 Kh3 36. Kf3 h5 37. Rg1 Kh2 38. Rg2+ Kh3 39. Rg3+ Kh2 40. Rg5 h4 41. e4 Re8 42. Rg2+ Kh3 43. Rg5 Rd8 44. Rg7 Rd3+ 45. Ke2 Rg3 46. Rh7 Rg2+ 47. Kd3 Rg3+ 48. Kc4 Kg4 49. Rg7+ Kf3 50. f5 Rxg7 51. Bxg7 Kxe4 52. f6 Bd4 53. Bh8 Kf5 54. f7 Bxh8 55. f8=Q+ Bf6 56. Qc8+ Kf4 57. Qxc7+ Be5 58. Qxc6 h3 59. Kd3 Kg3 60. Qe4 Bf4 61. Ke2 h2 62. Qf3+ 1-0


[Site "https://www.chess.com"]

[Event "Titled Tuesday Blitz October 25 Early 2022"]
[White "Keymer, Vincent"]
[Black "Gokerkan, Cem Kaan"]
[WhiteFideId "12940690"]
[BlackFideId "6336760"]
[WhiteElo "2600"]
[BlackElo "2365"]
[Result "0-1"]
[Round "08"]
[TimeControl "180+1"]
[Date "2022.10.25"]
[WhiteClock "0:00:02"]
[BlackClock "0:00:33"]

1. Nf3 g6 2. d4 Bg7 3. c4 Nf6 4. g3 O-O 5. Bg2 c6 6. O-O d5 7. a4 dxc4 8. Na3 Be6 9. Ng5 Bd5 10. e4 h6 11. exd5 hxg5 12. dxc6 Nxc6 13. d5 Nb4 14. Bxg5 Nbxd5 15. Nxc4 Rc8 16. Qb3 Qd7 17. Rad1 Qf5 18. Bxf6 Nxf6 19. Ne3 Qa5 20. Qxb7 e6 21. Qb5 Qxb5 22. axb5 Rc5 23. Bc6 a6 24. b4 Rc3 25. Rc1 Rxc1 26. Rxc1 axb5 27. Rc5 Rb8 28. Rc2 Bf8 29. Rb2 Rb6 30. Bf3 Rd6 31. Be2 Rd4 32. Nc2 Rd2 33. Bxb5 Nd5 34. Ba4 Bg7 35. Ra2 Nc3 36. b5 Nxa2 37. b6 Be5 0-1


[Site "https://www.chess.com"]

[Event "Titled Tuesday Blitz October 25 Early 2022"]
[White "Kollars, Dmitrij"]
[Black "Hasangatin, Ramil"]
[WhiteFideId "12909572"]
[BlackFideId "4122160"]
[WhiteElo "2584"]
[BlackElo "2358"]
[Result "0-1"]
[Round "08"]
[TimeControl "180+1"]
[Date "2022.10.25"]
[WhiteClock "0:00:04"]
[BlackClock "0:00:07"]

1. Nf3 d6 2. d4 Bg4 3. Nbd2 Nf6 4. h3 Bh5 5. g4 Bg6 6. Nh4 e5 7. Bg2 c6 8. Nxg6 hxg6 9. c3 Nbd7 10. Nc4 Qc7 11. a4 d5 12. Nxe5 Nxe5 13. dxe5 Qxe5 14. Be3 Bd6 15. Qb3 O-O 16. Bd4 Qe7 17. e3 Ne4 18. c4 c5 19. Bc3 d4 20. Ba5 b6 21. Qd3 Rfe8 22. Qxe4 Qxe4 23. Bxe4 Rxe4 24. Bd2 dxe3 25. Bxe3 Bf4 26. Ke2 Bxe3 27. fxe3 Rae8 28. Ra3 Rxc4 29. Kf3 Rb4 30. Rh2 Rd8 31. Rc2 a5 32. Ke2 g5 33. b3 f6 34. Rc3 Re4 35. Ra1 Kf7 36. Rc4 Ree8 37. Rh1 Rh8 38. Re4 Rh4 39. Rc4 Rdh8 40. Rd1 Re8 41. Rh1 Re6 42. Rc3 Ke7 43. Kf3 Kd6 44. Rd3+ Kc7 45. Kg3 Rd6 46. Rhd1 Rxd3 47. Rxd3 Rh8 48. e4 Rd8 49. Re3 Kd6 50. Rd3+ Ke7 51. Re3 Ke6 52. h4 gxh4+ 53. Kxh4 Rh8+ 54. Kg3 Ke5 55. Rd3 g5 56. Rd5+ Ke6 57. Rd1 Rb8 58. Rd5 Rh8 59. Rd1 Ke5 60. Rd5+ Kxe4 61. Rd6 Rb8 62. Rxf6 b5 63. Re6+ Kd4 64. Rg6 bxa4 65. bxa4 c4 66. Rxg5 c3 67. Rg7 Rc8 68. Rd7+ Kc4 69. Rd1 c2 70. Rc1 Kb3 71. g5 Kb2 0-1


[Site "https://www.chess.com"]

[Event "Titled Tuesday Blitz October 25 Early 2022"]
[White "Kosakowski, Jakub"]
[Black "Korchmar, Vasiliy"]
[WhiteFideId "1185080"]
[BlackFideId "24131750"]
[WhiteElo "2463"]
[BlackElo "2370"]
[Result "1-0"]
[Round "08"]
[TimeControl "180+1"]
[Date "2022.10.25"]
[WhiteClock "0:00:03"]
[BlackClock "0:00:03"]

1. d4 d5 2. c4 c6 3. Nc3 Nf6 4. Nf3 e6 5. Bg5 Be7 6. e3 Nbd7 7. Qc2 O-O 8. Rd1 a6 9. b3 h6 10. Bh4 b5 11. Bd3 Bb7 12. O-O Rc8 13. Qe2 bxc4 14. bxc4 dxc4 15. Bxc4 c5 16. dxc5 Rxc5 17. Na4 Bxf3 18. gxf3 Ra5 19. Bb3 Nd5 20. Bxe7 Qxe7 21. f4 N7f6 22. Qd2 Rb5 23. Rc1 Ne4 24. Qd4 Nd6 25. Rc6 Nf5 26. Qe4 a5 27. Rd1 Rb4 28. Qf3 Rfb8 29. Bxd5 exd5 30. Nc3 Qe8 31. Rc5 d4 32. Ne2 Nh4 33. Qg4 Rb1 34. Nxd4 Qa4 35. Rcc1 Rxc1 36. Rxc1 Ng6 37. h4 Qxa2 38. h5 Ne7 39. Rc7 Qa3 40. Kg2 a4 41. f5 Nd5 42. Ra7 Nf6 43. Qf4 Rf8 44. Nf3 Qd3 45. Rxa4 Nxh5 46. Qe5 Nf6 47. Rd4 Qc3 48. Nd2 Qc6+ 49. f3 Qc2 50. Kg3 Qd1 51. Kf2 Qh1 52. Nf1 Qh5 53. Qf4 Rc8 54. Rd2 Re8 55. e4 Rc8 56. Kg2 Re8 57. Ng3 Qg5 58. Qxg5 hxg5 59. Re2 Nh7 60. e5 Nf8 61. Kh3 Nd7 62. e6 fxe6 63. fxe6 Nf8 64. e7 Ng6 65. Nf5 Kh7 66. Kg4 Nf4 67. Re4 g6 68. Nd6 1-0


[Site "https://www.chess.com"]

[Event "Titled Tuesday Blitz October 25 Early 2022"]
[White "Krysa, Leandro"]
[Black "Svane, Frederik"]
[WhiteFideId "116807"]
[BlackFideId "12923044"]
[WhiteElo "2486"]
[BlackElo "2466"]
[Result "0-1"]
[Round "08"]
[TimeControl "180+1"]
[Date "2022.10.25"]
[WhiteClock "0:00:04"]
[BlackClock "0:00:03"]

1. e4 c5 2. Nf3 d6 3. d4 cxd4 4. Nxd4 Nf6 5. Nc3 a6 6. Rg1 h5 7. Bg5 b5 8. Bd3 Bb7 9. Qe2 Nbd7 10. O-O-O Rc8 11. Ne6 Qa5 12. Nxf8 Kxf8 13. Bxf6 Nxf6 14. e5 dxe5 15. Qxe5 Qc7 16. Qg5 h4 17. Rge1 Rh5 18. Qe3 Rc5 19. a3 a5 20. Qd4 g5 21. Kb1 b4 22. axb4 axb4 23. Qxb4 Bxg2 24. Nb5 Qb6 25. c4 Bc6 26. Qb3 Bxb5 27. cxb5 Ng4 28. Rd2 Ne5 29. Bf1 Qf6 30. Red1 Kg7 31. Bd3 Rb8 32. Bf1 Nf3 33. Rd8 Rxd8 34. Rxd8 Qe5 35. Qe3 Qxe3 36. fxe3 Nxh2 37. Bg2 Rxb5 38. Rd2 g4 39. Be4 g3 40. Bg2 Ng4 41. e4 Nf2 42. Bf3 h3 43. Kc2 g2 0-1


[Site "https://www.chess.com"]

[Event "Titled Tuesday Blitz October 25 Early 2022"]
[White "Lamaze, Simon"]
[Black "Faizrakhmanov, Ramil"]
[WhiteFideId "36069264"]
[BlackFideId "24103209"]
[WhiteElo "2272"]
[BlackElo "2421"]
[Result "0-1"]
[Round "08"]
[TimeControl "180+1"]
[Date "2022.10.25"]
[WhiteClock "0:00:11"]
[BlackClock "0:01:01"]

1. d4 Nf6 2. c4 e6 3. g3 d5 4. Nf3 dxc4 5. Bg2 Bb4+ 6. Bd2 a5 7. Qc2 c5 8. dxc5 Bxc5 9. Qxc4 Nbd7 10. O-O b6 11. Nc3 Ba6 12. Qa4 O-O 13. Rfd1 Rc8 14. Bg5 Qe7 15. Ne4 Rfd8 16. Rxd7 Qxd7 17. Qxd7 Nxd7 18. Bxd8 Rxd8 19. e3 Be7 20. Nd4 Rc8 21. Nc3 Ne5 22. Ndb5 Bxb5 23. Nxb5 Rc2 24. b3 Ng4 25. Rf1 Rxa2 26. h3 Ne5 27. Rc1 Bc5 28. Rd1 g5 29. Rd8+ Kg7 30. Be4 Rb2 31. Nc7 Rxb3 32. Ne8+ Kf8 33. Ra8 Ke7 34. Bxh7 b5 35. Ng7 a4 36. h4 gxh4 37. gxh4 Nf3+ 38. Kg2 Nxh4+ 39. Kg3 Ng6 40. Re8+ Kf6 41. Nh5+ Kg5 42. Ng7 Kh6 43. Bg8 Kxg7 0-1


[Site "https://www.chess.com"]

[Event "Titled Tuesday Blitz October 25 Early 2022"]
[White "Madaminov, Mukhiddin"]
[Black "Yeremyan, Alen"]
[WhiteFideId "14210703"]
[BlackFideId "13308998"]
[WhiteElo "2341"]
[BlackElo "2159"]
[Result "1-0"]
[Round "08"]
[TimeControl "180+1"]
[Date "2022.10.25"]
[WhiteClock "0:01:36"]
[BlackClock "0:01:29"]

1. d4 Nf6 2. Nc3 g6 3. e4 d6 4. f4 Bg7 5. Bd3 O-O 6. Nf3 e5 7. dxe5 dxe5 8. Nxe5 Qd4 9. Qe2 Nbd7 10. Nf3 Qb6 11. e5 Re8 12. Rb1 Nh5 13. Be3 Qb4 14. a3 Qf8 15. O-O Nc5 16. Bc4 c6 17. Ng5 Ne6 18. Nce4 h6 19. Nxe6 Bxe6 20. Bc5 Bxc4 21. Qxc4 Re7 22. g4 Qc8 23. Bxe7 Qxg4+ 24. Kh1 Nxf4 25. Rxf4 Qxf4 26. Nf6+ 1-0


[Site "https://www.chess.com"]

[Event "Titled Tuesday Blitz October 25 Early 2022"]
[White "Matinian, Nikita"]
[Black "Paravyan, David"]
[WhiteFideId "24129100"]
[BlackFideId "4194985"]
[WhiteElo "2422"]
[BlackElo "2555"]
[Result "0-1"]
[Round "08"]
[TimeControl "180+1"]
[Date "2022.10.25"]
[WhiteClock "0:00:10"]
[BlackClock "0:00:31"]

1. e4 e5 2. Nf3 Nf6 3. Nxe5 d6 4. Nf3 Nxe4 5. Qe2 Qe7 6. d3 Nf6 7. Bg5 Qxe2+ 8. Bxe2 Be7 9. Nc3 h6 10. Bd2 Nc6 11. a4 Be6 12. O-O a6 13. a5 O-O 14. Rfe1 Rfe8 15. h3 Bf8 16. Ne4 Nxe4 17. dxe4 Rad8 18. c4 Ne5 19. b3 Bd7 20. Nd4 Nc6 21. Nxc6 Bxc6 22. f3 Be7 23. Bc3 Bh4 24. Red1 f5 25. e5 Bg3 26. Kf1 Bxe5 27. Bxe5 Rxe5 28. b4 Rde8 29. Rd2 Kf7 30. Kf2 Kf6 31. Rb2 Bd7 32. b5 Rc5 33. bxa6 bxa6 34. Rb7 Bc6 35. Rxc7 Rxe2+ 36. Kxe2 Bxf3+ 37. Kxf3 Rxc7 38. Rb1 Rxc4 39. Rb6 Rc3+ 40. Kf2 Rc2+ 41. Kf3 Ke5 42. Rxa6 g5 43. Rb6 Rc3+ 44. Kf2 Ra3 45. a6 h5 46. Ke2 d5 47. Kf2 Ke4 48. Re6+ Kf4 49. Rb6 Ra2+ 50. Kg1 d4 51. Rb4 Ke4 52. Rb6 d3 53. Kf1 Ra1+ 54. Kf2 d2 55. Re6+ Kd5 0-1


[Site "https://www.chess.com"]

[Event "Titled Tuesday Blitz October 25 Early 2022"]
[White "Milikow, Yoav"]
[Black "Svane, Rasmus"]
[WhiteFideId "2822237"]
[BlackFideId "4657101"]
[WhiteElo "2341"]
[BlackElo "2674"]
[Result "1-0"]
[Round "08"]
[TimeControl "180+1"]
[Date "2022.10.25"]
[WhiteClock "0:00:22"]
[BlackClock "0:00:02"]

1. c4 Nf6 2. d4 e6 3. Nf3 d5 4. Nc3 a6 5. cxd5 exd5 6. Bg5 Be6 7. e3 Nbd7 8. Bd3 Bd6 9. O-O c6 10. Bf4 Qc7 11. Qd2 O-O 12. h3 g6 13. Rac1 Nh5 14. Bh6 Rfe8 15. Ng5 Qd8 16. Be2 Ng7 17. Nxe6 Nxe6 18. e4 dxe4 19. Nxe4 Nf6 20. Nxd6 Qxd6 21. Rfd1 Rad8 22. Bc4 Nxd4 23. Qa5 b5 24. Bf1 c5 25. Be3 Nd5 26. Bxd4 cxd4 27. Rxd4 Qb6 28. Qxb6 Nxb6 29. Rxd8 Rxd8 30. Rc6 Na4 31. b3 Nb2 32. Rxa6 b4 33. Rb6 Rd4 34. Kh2 Nd1 35. Bc4 Rf4 36. f3 Ne3 37. Rxb4 Kg7 38. a4 Rd4 39. Rb7 Rd2 40. Rxf7+ Kh6 41. Re7 Nxg2 42. Re2 Rxe2 43. Bxe2 Nf4 44. a5 Nxe2 45. a6 Nd4 46. a7 Nxf3+ 47. Kh1 Nh4 48. a8=Q Kh5 49. Qa1 h6 50. Qg1 g5 51. Qb1 g4 52. Qd1 Nf3 53. Qd7 Kh4 54. Qxg4# 1-0


[Site "https://www.chess.com"]

[Event "Titled Tuesday Blitz October 25 Early 2022"]
[White "Oparin, Grigoriy"]
[Black "Zhigalko, Sergei"]
[WhiteFideId "24125890"]
[BlackFideId "13502956"]
[WhiteElo "2639"]
[BlackElo "2662"]
[Result "1-0"]
[Round "08"]
[TimeControl "180+1"]
[Date "2022.10.25"]
[WhiteClock "0:01:09"]
[BlackClock "0:00:02"]

1. d4 Nf6 2. c4 e6 3. Nc3 Bb4 4. e3 O-O 5. Ne2 d5 6. a3 Be7 7. cxd5 exd5 8. Nf4 c6 9. Bd3 Re8 10. O-O Nbd7 11. Qc2 Nf8 12. Bd2 Ng6 13. Nxg6 hxg6 14. f3 Be6 15. Rae1 c5 16. dxc5 Bxc5 17. b4 Bb6 18. Na4 Rc8 19. Qb2 Bc7 20. Nc5 Qd6 21. g3 Bh3 22. Rf2 Bb6 23. Bc3 Bxc5 24. bxc5 Qxc5 25. Bd4 Qa5 26. Rfe2 b6 27. g4 Nxg4 28. fxg4 Bxg4 29. Bxg7 Bxe2 30. Rxe2 d4 31. Bxd4 Re6 32. Qd2 Qxa3 33. Re1 Rec6 34. Bb2 Qe7 35. Qg2 Re6 36. Bd4 Qh4 37. Rf1 Rce8 38. Bc4 R6e7 39. Qxg6+ 1-0


[Site "https://www.chess.com"]

[Event "Titled Tuesday Blitz October 25 Early 2022"]
[White "Perez Ponsa, Federico"]
[Black "Mladek, Richard"]
[WhiteFideId "117927"]
[BlackFideId "386588"]
[WhiteElo "2604"]
[BlackElo "2271"]
[Result "1-0"]
[Round "08"]
[TimeControl "180+1"]
[Date "2022.10.25"]
[WhiteClock "0:00:07"]
[BlackClock "0:00:06"]

1. e4 e5 2. Nf3 Nc6 3. Bc4 Bc5 4. O-O Nf6 5. d3 d6 6. Re1 a5 7. c3 O-O 8. h3 Ba7 9. Na3 Be6 10. Nb5 Bb6 11. Bxe6 fxe6 12. d4 exd4 13. cxd4 d5 14. e5 Ne4 15. Be3 Rf5 16. Nc3 Qe7 17. Qc2 Nb4 18. Qb1 Rd8 19. Nxe4 dxe4 20. Qxe4 c6 21. g4 Rff8 22. Bg5 Qf7 23. Bxd8 Bxd8 24. Re3 Nd5 25. Rf1 Nxe3 26. fxe3 Qe7 27. a3 Qc7 28. Nd2 Rxf1+ 29. Kxf1 Qb6 30. Qc2 Qb5+ 31. Kf2 Kf7 32. Nc4 Bh4+ 33. Kf3 Kg8 34. Nd6 Qf1+ 35. Ke4 Qxh3 36. Qe2 Qh1+ 37. Kd3 Qd5 38. Kc3 c5 39. Qf1 cxd4+ 40. exd4 Bf6 41. Qf4 Qc6+ 42. Kd3 Qd5 43. exf6 gxf6 44. Nc4 e5 45. Qe4 Qb5 46. dxe5 Qb3+ 47. Kd4 b5 48. Qd5+ Kg7 49. exf6+ Kxf6 50. Qd6+ Kg5 51. Qe5+ Kh4 52. Qh5+ Kg3 53. Ne3 Qxb2+ 54. Ke4 Qb1+ 55. Ke5 Qb2+ 56. Ke4 Qb1+ 57. Kd4 Qb2+ 58. Kd3 Qxa3+ 59. Kd2 Qb4+ 60. Kd1 Qd4+ 61. Ke2 Qb2+ 62. Kd3 Qb3+ 63. Kd2 Qb2+ 64. Nc2 b4 65. Qxh7 b3 66. Qd3+ Kh4 67. Qh7+ Kxg4 68. Qg6+ Kf4 69. Qh6+ Ke5 70. Qh8+ 1-0


[Site "https://www.chess.com"]

[Event "Titled Tuesday Blitz October 25 Early 2022"]
[White "Postny, Evgeny"]
[Black "Kamsky, Gata"]
[WhiteFideId "2804344"]
[BlackFideId "2000024"]
[WhiteElo "2473"]
[BlackElo "2666"]
[Result "1-0"]
[Round "08"]
[TimeControl "180+1"]
[Date "2022.10.25"]
[WhiteClock "0:01:05"]
[BlackClock "0:00:44"]

1. e4 c5 2. Nf3 e6 3. d4 cxd4 4. Nxd4 a6 5. Bd3 Bc5 6. Nb3 Ba7 7. Qe2 d6 8. Be3 e5 9. Bxa7 Rxa7 10. c4 Nf6 11. Nc3 Be6 12. O-O O-O 13. Rfd1 Nc6 14. Qe3 a5 15. Nb5 Ra6 16. Bf1 Nb4 17. Rd2 a4 18. Nc5 Ng4 19. Qg3 dxc5 20. Rxd8 Rxd8 21. Nc7 Rc6 22. Nxe6 1-0


[Site "https://www.chess.com"]

[Event "Titled Tuesday Blitz October 25 Early 2022"]
[White "Pranav, V"]
[Black "Kozak, Antoni"]
[WhiteFideId "25060783"]
[BlackFideId "21832030"]
[WhiteElo "2430"]
[BlackElo "2439"]
[Result "1-0"]
[Round "08"]
[TimeControl "180+1"]
[Date "2022.10.25"]
[WhiteClock "0:02:14"]
[BlackClock "0:00:01"]

1. e4 c5 2. Nf3 d6 3. d4 cxd4 4. Nxd4 Nf6 5. Nc3 a6 6. Bg5 e6 7. f4 h6 8. Bh4 Qb6 9. a3 Nbd7 10. Bf2 Qc7 11. Qf3 b5 12. O-O-O Bb7 13. g4 Nc5 14. Bd3 d5 15. e5 Nfe4 16. Bxe4 Nxe4 17. Be1 Qb6 18. h4 b4 19. axb4 Bxb4 20. Nxe4 dxe4 21. Qb3 Bc5 22. Qa4+ Ke7 23. Ba5 Qa7 24. Nf5+ Kf8 25. Rd7 Rh7 26. Rhd1 Re8 27. Rd8 1-0


[Site "https://www.chess.com"]

[Event "Titled Tuesday Blitz October 25 Early 2022"]
[White "Rohith Krishna S"]
[Black "Dushyant Sharma"]
[WhiteFideId "46617051"]
[BlackFideId "25065130"]
[WhiteElo "2270"]
[BlackElo "2270"]
[Result "1-0"]
[Round "08"]
[TimeControl "180+1"]
[Date "2022.10.25"]
[WhiteClock "0:01:43"]
[BlackClock "0:00:09"]

1. Nf3 Nf6 2. g3 e6 3. Bg2 d5 4. O-O Be7 5. c4 O-O 6. d4 dxc4 7. Ne5 c5 8. dxc5 Bxc5 9. Qc2 Qc7 10. Nxc4 Nc6 11. Nc3 e5 12. Bg5 Be7 13. Bxf6 Bxf6 14. Nd5 Qd8 15. Rfd1 Be6 16. e3 Bxd5 17. Bxd5 Qe7 18. a3 Rac8 19. Qe4 g6 20. h4 Kh8 21. h5 Bg7 22. hxg6 f5 23. Qh1 h6 24. Qh5 b5 25. Nd2 e4 26. Rac1 Ne5 27. Rxc8 Rxc8 28. Qxf5 Rd8 29. Nxe4 b4 30. axb4 Qxb4 31. Ng5 Qa4 32. b3 Qb5 33. Nf7+ Nxf7 34. gxf7 Qb4 35. Be4 Rxd1+ 36. Kh2 Qxe4 37. Qxe4 Rd8 38. Qe8+ 1-0


[Site "https://www.chess.com"]

[Event "Titled Tuesday Blitz October 25 Early 2022"]
[White "Rorrer, Grayson"]
[Black "Bortnyk, Olexandr"]
[WhiteFideId "30944996"]
[BlackFideId "14120828"]
[WhiteElo "2130"]
[BlackElo "2723"]
[Result "0-1"]
[Round "08"]
[TimeControl "180+1"]
[Date "2022.10.25"]
[WhiteClock "0:00:02"]
[BlackClock "0:00:46"]

1. e4 Nf6 2. e5 Nd5 3. d4 d6 4. Nf3 dxe5 5. Nxe5 c6 6. Be2 Bf5 7. O-O Nd7 8. Nf3 e6 9. a3 Bd6 10. c4 N5f6 11. Nc3 O-O 12. h3 Ne4 13. Nxe4 Bxe4 14. Be3 h6 15. Qb3 Qc7 16. Rad1 Rfd8 17. Qc3 b6 18. b4 c5 19. dxc5 bxc5 20. b5 Nb6 21. Rd2 Rd7 22. Rfd1 Rad8 23. Kf1 f5 24. g3 Rf8 25. Bf4 Bxf4 26. Rxd7 Nxd7 27. gxf4 Bxf3 28. Qxf3 Nb6 29. Qe3 Qe7 30. Qe5 Re8 31. a4 Nxa4 32. Bh5 Rf8 33. Rd6 Rf6 34. Bd1 Nb6 35. Be2 Nd7 36. Rxd7 Qxd7 37. Qxc5 Rf8 38. Bf3 Rd8 39. Kg2 Kh7 40. Qe5 Qd4 41. c5 Qxe5 42. fxe5 Rb8 43. Bc6 g5 44. Bd7 a5 45. c6 Rxb5 46. c7 Rc5 47. c8=Q Rxc8 48. Bxc8 a4 49. Bxe6 a3 50. Ba2 Kg6 51. e6 Kf6 52. Kg3 h5 53. f4 g4 54. hxg4 hxg4 55. Bd5 Ke7 56. Kf2 Kd8 57. Ke3 Kc8 58. Ba2 Kc7 59. Bd5 Kd6 60. Bb3 Kc6 61. Ba2 Kc7 62. Bb3 Kd8 63. Bc4 Ke8 64. Bd5 Kf8 65. Kd2 Ke7 66. Kc3 Kd6 67. Bg2 Kxe6 68. Kb3 Kd6 69. Kxa3 Kc5 70. Bb7 Kd4 71. Bc8 g3 72. Bb7 Ke3 73. Kb3 Kxf4 74. Kc3 Ke3 75. Kc2 f4 76. Kd1 f3 0-1


[Site "https://www.chess.com"]

[Event "Titled Tuesday Blitz October 25 Early 2022"]
[White "Rustemov, Alexander"]
[Black "Ernst, Sipke"]
[WhiteFideId "4119002"]
[BlackFideId "1004689"]
[WhiteElo "2789"]
[BlackElo "2438"]
[Result "1-0"]
[Round "08"]
[TimeControl "180+1"]
[Date "2022.10.25"]
[WhiteClock "0:02:19"]
[BlackClock "0:01:05"]

1. d4 d5 2. c4 c6 3. Nc3 Nf6 4. e3 g6 5. Nf3 Bg7 6. Bd3 O-O 7. O-O e6 8. b3 b6 9. Ba3 Re8 10. Rc1 Bb7 11. Qe2 Nbd7 12. Rfd1 Rc8 13. e4 Nxe4 14. Bxe4 dxe4 15. Nxe4 c5 16. Nd6 Qc7 17. Nxc8 Rxc8 18. Bb2 cxd4 19. Nxd4 Nc5 20. Nb5 Qc6 21. f3 Bxb2 22. Qxb2 Ra8 23. Rd6 Qc8 24. Rcd1 1-0


[Site "https://www.chess.com"]

[Event "Titled Tuesday Blitz October 25 Early 2022"]
[White "Salgado Lopez, Ivan"]
[Black "Perez Gormaz, Matias"]
[WhiteFideId "2257327"]
[BlackFideId "3406342"]
[WhiteElo "2594"]
[BlackElo "2341"]
[Result "1-0"]
[Round "08"]
[TimeControl "180+1"]
[Date "2022.10.25"]
[WhiteClock "0:00:35"]
[BlackClock "0:00:02"]

1. d4 d5 2. Nf3 e6 3. Bg5 Nf6 4. e3 h6 5. Bh4 c5 6. Nbd2 Qb6 7. Rb1 Nc6 8. c3 g5 9. Bg3 Nh5 10. Be5 Nxe5 11. Nxe5 Nf6 12. Bd3 Bd6 13. O-O Qc7 14. f4 gxf4 15. exf4 Qb6 16. Ndf3 Bd7 17. Kh1 Bb5 18. Bxb5+ Qxb5 19. dxc5 Qxc5 20. Qa4+ Ke7 21. Rbe1 b5 22. Qc2 Rhg8 23. Nd4 Rac8 24. Qe2 Ne4 25. Qh5 Rg7 26. Qh4+ f6 27. Qh3 f5 28. Qh4+ Nf6 29. Nxf5+ exf5 30. Nd3+ Kf7 31. Nxc5 Bxc5 32. Re5 Rg4 33. Qxh6 Rg6 34. Qh3 Rcg8 35. Rxf5 Ke7 36. Re1+ Kd6 37. Rg5 Ne4 38. Rxd5+ Kxd5 39. Qd3+ Kc6 40. Qxe4+ Kb6 41. f5 Rh6 42. h3 Rg5 43. b4 Bd6 44. Qe3+ Kc6 45. Qxg5 1-0


[Site "https://www.chess.com"]

[Event "Titled Tuesday Blitz October 25 Early 2022"]
[White "Salman, Pavel"]
[Black "Belov, Vladimir"]
[WhiteFideId "24153753"]
[BlackFideId "4132394"]
[WhiteElo "2187"]
[BlackElo "2498"]
[Result "0-1"]
[Round "08"]
[TimeControl "180+1"]
[Date "2022.10.25"]
[WhiteClock "0:01:15"]
[BlackClock "0:00:45"]

1. Nf3 Nf6 2. g3 d5 3. Bg2 c6 4. O-O Bg4 5. d3 Nbd7 6. h3 Bh5 7. Qe1 e5 8. e4 dxe4 9. dxe4 Bc5 10. Nbd2 O-O 11. Nb3 Bb6 12. a4 a5 13. Bd2 Re8 14. Bc3 Qc7 15. Kh1 Nc5 16. Nxc5 Bxc5 17. Nh4 Bd4 18. Nf5 Bxc3 19. Qxc3 Rad8 20. g4 Bg6 21. Rad1 Bxf5 22. exf5 h6 23. Rfe1 Rxd1 24. Rxd1 e4 25. Re1 Qf4 26. Qe3 Qd6 27. c3 Qd5 28. Qd4 Qxd4 29. cxd4 Rd8 30. Bxe4 Rxd4 31. b3 Nxe4 32. Kg2 Nf6 33. Re7 Rb4 34. Re3 Kf8 35. Kf3 Nd5 36. Rd3 Ke7 37. Ke2 Nf4+ 0-1


[Site "https://www.chess.com"]